 Dungeon Crawl Stone Soup version 0.30-a0-1018-g25214051b3 (webtiles) character file.

Game seed: 2421754290368599825

163 holysushi the Ducker (level 5, -1/39 HPs)
             Began as a Barachi Hunter on Apr 7, 2023.
             Slain by a gnoll
             ... wielding a +0 spear
              (6 damage)
             ... on level 3 of the Dungeon.
             The game lasted 00:02:00 (1814 turns).

holysushi the Ducker (Barachi Hunter)               Turns: 1814, Time: 00:02:00

Health: -1/39      AC:  3    Str: 12    XL:     5   Next: 44%
Magic:  5/5        EV: 14    Int: 10    God:
Gold:   67         SH:  0    Dex: 17    Spells: 4/4 levels left

rFire   + . .      SeeInvis .    a - +0 short sword (venom)
rCold   . . .      Faith    +    (no shield)
rNeg    + . .      Spirit   .    c - +0 leather armour
rPois   .          Reflect  .    (no helmet)
rElec   .          Rampage  .    (no cloak)
rCorr   .                        (no gloves)
Will    .....                    (no boots)
Stlth   ++                       n - amulet of faith
HPRegen 0.26/turn                g - ring of positive energy
MPRegen 0.09/turn                i - ring of protection from fire

@: slow
A: amphibious, slowness 1, strong legs 1, +LOS
a: Hop


You were on level 3 of the Dungeon.
You visited 1 branch of the dungeon, and saw 3 of its levels.

You collected 67 gold pieces.

Inventory:

Hand Weapons
 a - a +0 short sword of venom (weapon)
 b - a +0 shortbow
Armour
 c - a +0 leather armour (worn)
Jewellery
 g - a ring of positive energy (left hand)
 i - a ring of protection from fire (right hand)
 n - an amulet of faith (around neck)
Scrolls
 f - 2 scrolls of vulnerability {unknown}
 h - a scroll of noise {unknown}
 k - a scroll of magic mapping {unknown}
 l - 2 scrolls of identify {unknown}
 o - a scroll of poison {unknown}
 q - a scroll of fog {unknown}
 t - a scroll of immolation
Potions
 d - a potion of ambrosia
 e - 3 potions of curing {unknown}
 j - 2 potions of resistance {unknown}
 m - a potion of magic {unknown}
 p - a potion of degeneration {unknown}
 r - a potion of heal wounds {unknown}
 s - a potion of cancellation {unknown}


   Skills:
 - Level 2.4 Fighting
 - Level 4.0 Ranged Weapons
 + Level 6.0 Dodging
 - Level 0.8 Stealth


You had 4 spell levels left.
You didn't know any spells.
Your spell library was empty.

Dungeon Overview and Level Annotations

Branches:
Dungeon (3/15) Zot: 15861

Altars:

Shops:
D:2 *


Innate Abilities, Weirdness & Mutations

You are amphibious.
You cover ground slowly.
You can hop short distances.
You have an extended range of vision and can be seen from far away.


Message History

b - a +0 shortbow (weapon)
You shoot an arrow. The arrow closely misses the gnoll.
The gnoll hits you from afar with a +0 spear.
A gnoll comes into view. It is wielding a +0 spear.
The gnoll hits you with a +0 spear.
You see here a jackal corpse.
Your +0 short sword of venom begins to drip with poison!
a - a +0 short sword of venom (weapon)
The gnoll hits you with a +0 spear.
The gnoll shouts!
You hit the gnoll.
The gnoll is lightly wounded.
The gnoll misses you.
You hit the gnoll.
The gnoll is poisoned.
The gnoll is heavily wounded.
The gnoll hits you with a +0 spear.
The gnoll drinks a potion.
The gnoll flickers and vanishes!
Deactivating autopickup; reactivate with Ctrl-A.
You hit the gnoll but do no damage.
The gnoll looks even sicker.
The gnoll is heavily wounded.
The gnoll closely misses you. The gnoll attacks as you move away!
The gnoll closely misses you.
The gnoll hits you from afar with a +0 spear.
You kill the gnoll!
Your Dodging skill increases to level 6!
You see here a +0 dagger.
A gnoll comes into view. It is wielding a +0 spear.
You see here a jackal corpse.
You see here a jackal corpse.
Something barely misses you. Something hits you.
You hit something. Something hits you.
You hit something but do no damage. Something barely misses you.
You hit something. Something hits you but does no damage.
You hit something but do no damage. Something hits you!
* * * LOW HITPOINT WARNING * * *
You barely miss something. Something hits you.
* * * LOW HITPOINT WARNING * * *
You barely miss something. Something hits you.
You die...

................> .....
.# .............#####
###.#.###..
...........#.#
#..........
...(#.....##.# ##.g.).
##########...#
###...### ##..###
#####.).### ###..##
###...†.###
#####...#######..†#####
#.....(.....@{..###
#.####.########## ...
####


There were no monsters in sight!

Vanquished Creatures
  Jessica (D:2)
  2 gnolls (D:3)
  5 adders
  2 worms (D:2)
  3 dart slugs
  6 ball pythons
  4 endoplasms
  A giant cockroach (D:1)
  5 hobgoblins
  7 jackals
  3 quokkas
  6 bats
  3 frilled lizards
  7 goblins
  3 kobolds
  4 rats
62 creatures vanquished.

Notes
Turn   | Place    | Note
-------+----------+-------------------------------------------
     0 | D:1      | holysushi the Barachi Hunter began the quest for the Orb.
     0 | D:1      | Reached XP level 1. HP: 17/17 MP: 1/1
   227 | D:1      | Reached XP level 2. HP: 23/23 MP: 2/2
   232 | D:1      | Reached skill level 3 in Dodging
   512 | D:1      | Reached XP level 3. HP: 28/28 MP: 3/3
   654 | D:2      | Found Efradil's Assorted Antiques.
   705 | D:2      | Reached skill level 4 in Dodging
   858 | D:2      | Reached XP level 4. HP: 33/34 MP: 4/4
  1300 | D:2      | Reached skill level 5 in Dodging
  1349 | D:2      | Noticed Jessica
  1353 | D:2      | Killed Jessica
  1542 | D:3      | Reached XP level 5. HP: 22/39 MP: 5/5
  1797 | D:3      | Reached skill level 6 in Dodging
  1814 | D:3      | Slain by a gnoll

Illustrated notes

Levels and vault maps discovered:
D:1:      giann_wishing_wells, layout_basic
D:2:      layout_basic, serial_shops, nicolae_diamond_shop, minivault_24,
          uniq_jessica
D:3:      layout_rooms, kennysheep_crisscross

Skill      XL: |  1  2  3  4  5 |
---------------+----------------+-----
Dodging        | 3 4 5 6 |  6.0
Fighting       | |  2.4
Ranged Weapons | |  4.0
Stealth        | |  0.8

Action                     |  1- 3 |  4- 6 || total
---------------------------+-------+-------++-------
  Melee: Short sword       |       |    23 ||    23
   Fire: Shortbow          |    96 |    64 ||   160
    Use: Potion            |       |     1 ||     1
 Armour: Leather armour    |     6 |    19 ||    25
  Dodge: Dodged            |    32 |    68 ||   100

Table legend: (Time is in decaauts)
 A = Elapsed time spent in this place.
 B = Non-inter-level travel time spent in this place.
 C = Inter-level travel time spent in this place.
 D = Time resting spent in this place.
 E = Time spent auto-exploring this place.
 F = Levels seen in this place.
 G = Mean time per level.
                   A        B        C        D        E       F      G
               +--------+--------+--------+--------+--------+-----+--------+
         Total |   2137 |   2094 |     43 |    133 |   1528 |   3 |  712.3 |
       Dungeon |   2137 |   2094 |     43 |    133 |   1528 |   3 |  712.3 |
               +--------+--------+--------+--------+--------+-----+--------+

Top non-repeatable levels by time:
     D:2: 1074 daAuts
     D:1: 744 daAuts
     D:3: 319 daAuts
